TOP OF THE 1ST |
Tacoma Cubs batting - Pitching for San Jose Missions : LHP Rich Rodas
|
Pitching: LHP Rich Rodas
|
|
Batting: RHB Paul Szymarek
|
0-0: Called Strike 0-1: Foul Ball, location: 2F 0-2: Ball 1-2: Ball 2-2: Foul Ball, location: 2F 2-2: Strikes out swinging
|
Batting: RHB Billy Cree
|
0-0: Ball 1-0: Called Strike 1-1: Swinging Strike 1-2: Ball 2-2: Fly out, F8 (Flyball, 8LM, EV 86.3 MPH)
|
Batting: LHB Willie Gonzalez
|
0-0: Ball 1-0: Foul Ball, location: 2F 1-1: Foul Ball, location: 2F 1-2: Fly out, F7 (Line Drive, 7D, EV 88.1 MPH)
|
Top of the 1st over - 0 runs, 0 hits, 0 errors, 0 left on base; Tacoma 0 - San Jose 0 |
BOTTOM OF THE 1ST |
San Jose Missions batting - Pitching for Tacoma Cubs : RHP Doug Jones
|
Pitching: RHP Doug Jones
|
|
Batting: SHB Curt Bryan
|
0-0: Called Strike 0-1: Ball 1-1: Swinging Strike 1-2: Ball 2-2: Ground out U3 (Groundball, 3, EV 84.4 MPH)
|
Batting: LHB Jack Perconte
|
0-0: Called Strike 0-1: Fly out, F7 (Flyball, 7S, EV 89.4 MPH)
|
Batting: LHB Marvell Wynne
|
0-0: Fly out, F5 (Popup, 56, EV 56.3 MPH)
|
Bottom of the 1st over - 0 runs, 0 hits, 0 errors, 0 left on base; Tacoma 0 - San Jose 0 |
TOP OF THE 2ND |
Tacoma Cubs batting - Pitching for San Jose Missions : LHP Rich Rodas
|
Batting: LHB Dan Pasqua
|
0-0: Called Strike 0-1: Ball 1-1: Called Strike 1-2: Ball 2-2: Ball 3-2: Strikes out looking
|
Batting: RHB Marty Castillo
|
0-0: Called Strike 0-1: Foul Ball, location: 2F 0-2: Ball 1-2: Ball 2-2: Foul Ball, location: 2F 2-2: Fly out, F8 (Flyball, 8RXD, EV 105.0 MPH)
|
Batting: LHB Lee Pruitt
|
0-0: Called Strike 0-1: Called Strike 0-2: Ball 1-2: Foul Ball, location: 2F 1-2: Ball 2-2: Strikes out swinging
|
Top of the 2nd over - 0 runs, 0 hits, 0 errors, 0 left on base; Tacoma 0 - San Jose 0 |
BOTTOM OF THE 2ND |
San Jose Missions batting - Pitching for Tacoma Cubs : RHP Doug Jones
|
Batting: RHB John Rabb
|
0-0: Foul Ball, location: 2F 0-1: Swinging Strike 0-2: Strikes out swinging
|
Batting: SHB David Piller
|
0-0: Called Strike 0-1: Ball 1-1: Ball 2-1: Called Strike 2-2: Fly out, F8 (Flyball, 8LD, EV 77.5 MPH)
|
Batting: LHB Steven Michael
|
0-0: Swinging Strike 0-1: SOLO HOME RUN (Line Drive, 89XD, EV 98.8 MPH), Distance : 413 ft
|
Batting: RHB Pablo Cardiel
|
0-0: Ball 1-0: Called Strike 1-1: Swinging Strike 1-2: Fly out, F7 (Flyball, 78S, EV 89.4 MPH)
|
Bottom of the 2nd over - 1 run, 1 hit, 0 errors, 0 left on base; Tacoma 0 - San Jose 1 |
TOP OF THE 3RD |
Tacoma Cubs batting - Pitching for San Jose Missions : LHP Rich Rodas
|
Batting: LHB Bruce Bochte
|
0-0: Ball 1-0: Ball 2-0: Ball 3-0: Base on Balls
|
Batting: LHB Tom Lombarski
|
0-0: Called Strike 0-1: Swinging Strike 0-2: Ball 1-2: Foul Ball, location: 2F 1-2: Ball 2-2: Fly out, F8 (Flyball, 8RXD, EV 89.4 MPH)
|
Batting: RHB John Ackley
|
0-0: Called Strike 0-1: Ball 1-1: Foul Ball, location: 2F 1-2: Fly out, F8 (Flyball, 8RD, EV 90.6 MPH)
|
Batting: RHB Paul Szymarek
|
0-0: Ball 1-0: Foul Ball, location: 2F 1-1: Called Strike 1-2: Ball 2-2: Strikes out swinging
|
Top of the 3rd over - 0 runs, 0 hits, 0 errors, 1 left on base; Tacoma 0 - San Jose 1 |
BOTTOM OF THE 3RD |
San Jose Missions batting - Pitching for Tacoma Cubs : RHP Doug Jones
|
Batting: LHB Jesus Valerio
|
0-0: Ball 1-0: Called Strike 1-1: SINGLE (Groundball, 56D, EV 107.5 MPH)
|
Batting: LHB Glen Franklin
|
0-0: Swinging Strike 0-1: Ball 1-1: Hit by Pitch Jesus Valerio to second
|
Batting: SHB Curt Bryan
|
0-0: Ball 1-0: Ball 2-0: Ball 3-0: Called Strike 3-1: Called Strike 3-2: Fielders Choice at 2nd, 4-6 (Groundball, 4, EV 99.4 MPH) Jesus Valerio to third
|
Batting: LHB Jack Perconte
|
0-0: Called Strike 0-1: Grounds into double play, 4-6-3 (Groundball, 34, EV 100.0 MPH)
|
Bottom of the 3rd over - 0 runs, 1 hit, 0 errors, 1 left on base; Tacoma 0 - San Jose 1 |
TOP OF THE 4TH |
Tacoma Cubs batting - Pitching for San Jose Missions : LHP Rich Rodas
|
Batting: RHB Billy Cree
|
0-0: Ball 1-0: Foul Ball, location: 2F 1-1: Foul Ball, location: 2F 1-2: Ball 2-2: Strikes out swinging, 2-3 out at first.
|
Batting: LHB Willie Gonzalez
|
0-0: Foul Ball, location: 2F 0-1: Foul Ball, location: 2F 0-2: Ball 1-2: Fly out, F9 (Flyball, 9, EV 81.9 MPH)
|
Batting: LHB Dan Pasqua
|
0-0: Foul Ball, location: 2F 0-1: Ball 1-1: Called Strike 1-2: Foul Ball, location: 2F 1-2: Ball 2-2: Foul Ball, location: 2F 2-2: Strikes out swinging
|
Top of the 4th over - 0 runs, 0 hits, 0 errors, 0 left on base; Tacoma 0 - San Jose 1 |
BOTTOM OF THE 4TH |
San Jose Missions batting - Pitching for Tacoma Cubs : RHP Doug Jones
|
Batting: LHB Marvell Wynne
|
0-0: Called Strike 0-1: Fly out, F7 (Flyball, 7, EV 76.3 MPH)
|
Batting: RHB John Rabb
|
0-0: Called Strike 0-1: Foul Ball, location: 2F 0-2: Strikes out swinging
|
Batting: SHB David Piller
|
0-0: Ball 1-0: Ball 2-0: Foul Ball, location: 2F 2-1: Foul Ball, location: 2F 2-2: Ball 3-2: Ground out 1-3 (Groundball, 13S, EV 65.6 MPH)
|
Bottom of the 4th over - 0 runs, 0 hits, 0 errors, 0 left on base; Tacoma 0 - San Jose 1 |
TOP OF THE 5TH |
Tacoma Cubs batting - Pitching for San Jose Missions : LHP Rich Rodas
|
Batting: RHB Marty Castillo
|
0-0: Called Strike 0-1: Ball 1-1: Fly out, F8 (Flyball, 8LM, EV 84.4 MPH)
|
Batting: LHB Lee Pruitt
|
0-0: Ball 1-0: Called Strike 1-1: Called Strike 1-2: Foul Ball, location: 2F 1-2: Ball 2-2: Ball 3-2: Ground out 6-3 (Groundball, 4MS, EV 70.0 MPH)
|
Batting: LHB Bruce Bochte
|
0-0: Ball 1-0: Foul Ball, location: 2F 1-1: Fly out, F2 (Popup, 2RF, EV 81.3 MPH)
|
Top of the 5th over - 0 runs, 0 hits, 0 errors, 0 left on base; Tacoma 0 - San Jose 1 |
BOTTOM OF THE 5TH |
San Jose Missions batting - Pitching for Tacoma Cubs : RHP Doug Jones
|
Batting: LHB Steven Michael
|
0-0: Foul Ball, location: 2F 0-1: DOUBLE (Line Drive, 9LS, EV 110.0 MPH)
|
Batting: RHB Pablo Cardiel
|
0-0: Bunt missed! 0-1: Bunt missed! 0-2: Ball 1-2: DOUBLE (Flyball, 8RXD, EV 105.0 MPH) Steven Michael scores
|
Batting: LHB Jesus Valerio
|
0-0: Foul Ball, location: 2F 0-1: Fly out, F8 (Line Drive, 8RD, EV 88.1 MPH)
|
Batting: LHB Glen Franklin
|
0-0: Called Strike 0-1: Ball 1-1: SINGLE (Line Drive, 3D, EV 94.4 MPH) Pablo Cardiel to third Runner from 3rd tries for Home, SAFE, throw by RF to home Glen Franklin to second
|
Batting: SHB Curt Bryan
|
0-0: Ball 1-0: Called Strike 1-1: Ball 2-1: Foul Ball, location: 2F 2-2: Ball 3-2: Fly out, F8 (Line Drive, 8RM, EV 94.4 MPH)
|
Batting: LHB Jack Perconte
|
0-0: Ground out 6-3 (Groundball, 6M, EV 102.5 MPH)
|
Bottom of the 5th over - 2 runs, 3 hits, 0 errors, 1 left on base; Tacoma 0 - San Jose 3 |
TOP OF THE 6TH |
Tacoma Cubs batting - Pitching for San Jose Missions : LHP Rich Rodas
|
Batting: LHB Tom Lombarski
|
0-0: Fly out, F8 (Flyball, 8LXD, EV 81.9 MPH)
|
Batting: RHB John Ackley
|
0-0: Swinging Strike 0-1: Foul Ball, location: 2F 0-2: Strikes out looking
|
Batting: RHB Paul Szymarek
|
0-0: Ball 1-0: Ball 2-0: Ball 3-0: Fly out, F7 (Flyball, 78XD, EV 81.9 MPH)
|
Top of the 6th over - 0 runs, 0 hits, 0 errors, 0 left on base; Tacoma 0 - San Jose 3 |
BOTTOM OF THE 6TH |
San Jose Missions batting - Pitching for Tacoma Cubs : RHP Doug Jones
|
Batting: LHB Marvell Wynne
|
0-0: Ball 1-0: Swinging Strike 1-1: Ball 2-1: Fly out, F7 (Flyball, 7LM, EV 88.8 MPH)
|
Batting: RHB John Rabb
|
0-0: Ball 1-0: Called Strike 1-1: Called Strike 1-2: Ball 2-2: Ball 3-2: Foul Ball, location: 2F 3-2: Foul Ball, location: 2F 3-2: Foul Ball, location: 2F 3-2: Fly out, F8 (Flyball, 78D, EV 93.1 MPH)
|
Batting: SHB David Piller
|
0-0: Ball 1-0: Ball 2-0: Called Strike 2-1: Ball 3-1: Foul Ball, location: 2F 3-2: Reached on error, E3 (Groundball, 3, EV 80.0 MPH)
|
Batting: LHB Steven Michael
|
0-0: Called Strike 0-1: SINGLE (Line Drive, 9LS, EV 105.6 MPH) David Piller to second
|
Batting: RHB Pablo Cardiel
|
0-0: Hit by Pitch David Piller to third Steven Michael to second
|
Batting: LHB Jesus Valerio
|
0-0: Ball 1-0: Ball 2-0: Fly out, F5 (Popup, 5F, EV 61.3 MPH)
|
Bottom of the 6th over - 0 runs, 1 hit, 1 error, 3 left on base; Tacoma 0 - San Jose 3 |
TOP OF THE 7TH |
Tacoma Cubs batting - Pitching for San Jose Missions : LHP Rich Rodas
|
Batting: RHB Billy Cree
|
0-0: Ball 1-0: Ball 2-0: Foul Ball, location: 2F 2-1: Ball 3-1: Foul Ball, location: 2F 3-2: SINGLE (Groundball, 6D, EV 102.5 MPH)
|
Batting: LHB Willie Gonzalez
|
0-0: Ball 1-0: Grounds into double play, 5-4-3 (Groundball, 5, EV 100.0 MPH)
|
Batting: LHB Dan Pasqua
|
0-0: Swinging Strike 0-1: Ball 1-1: Called Strike 1-2: Foul Ball, location: 2F 1-2: Ball 2-2: Strikes out swinging
|
Top of the 7th over - 0 runs, 1 hit, 0 errors, 0 left on base; Tacoma 0 - San Jose 3 |
BOTTOM OF THE 7TH |
San Jose Missions batting - Pitching for Tacoma Cubs : RHP Doug Jones
|
Batting: LHB Glen Franklin
|
0-0: Ball 1-0: Called Strike 1-1: Ball 2-1: Called Strike 2-2: Foul Ball, location: 2F 2-2: Ball 3-2: Base on Balls
|
Batting: SHB Curt Bryan
|
0-0: Ball 1-0: Called Strike 1-1: Ball 2-1: Swinging Strike 2-2: Strikes out swinging
|
Batting: LHB Jack Perconte
|
0-0: Ball 1-0: Called Strike 1-1: Ball Glen Franklin steals 2nd base 2-1: Foul Ball, location: 2F 2-2: Ball 3-2: SINGLE (Line Drive, 56D, EV 109.4 MPH) Glen Franklin to third Runner from 3rd tries for Home, SAFE, throw by LF to home
|
Batting: LHB Marvell Wynne
|
0-0: Called Strike 0-1: Called Strike 0-2: Foul Ball, location: 2F 0-2: Ball 1-2: Foul Ball, location: 2F 1-2: Fielders Choice at 2nd, 4-6 (Groundball, 4M, EV 80.6 MPH)
|
Batting: RHB John Rabb
|
0-0: Foul Ball, location: 2F 0-1: Foul Ball, location: 2F 0-2: Ball Marvell Wynne steals 2nd base 1-2: Ball 2-2: Strikes out looking
|
Bottom of the 7th over - 1 run, 1 hit, 0 errors, 1 left on base; Tacoma 0 - San Jose 4 |
TOP OF THE 8TH |
Tacoma Cubs batting - Pitching for San Jose Missions : LHP Rich Rodas
|
Batting: RHB Marty Castillo
|
0-0: Ball 1-0: Foul Ball, location: 2F 1-1: Foul Ball, location: 2F 1-2: Foul Ball, location: 2F 1-2: Ball 2-2: Ball 3-2: Foul Ball, location: 2F 3-2: Strikes out swinging
|
Pitching: RHP Oscar Acosta
|
|
Batting: LHB Lee Pruitt
|
0-0: Called Strike 0-1: Ball 1-1: Foul Ball, location: 2F 1-2: Foul Ball, location: 2F 1-2: Foul Ball, location: 2F 1-2: Ground out 1-3 (Groundball, 34S, EV 73.8 MPH)
|
Batting: LHB Bruce Bochte
|
0-0: Ball 1-0: Ball 2-0: Ball 3-0: Called Strike 3-1: Swinging Strike 3-2: Strikes out looking
|
Top of the 8th over - 0 runs, 0 hits, 0 errors, 0 left on base; Tacoma 0 - San Jose 4 |
BOTTOM OF THE 8TH |
San Jose Missions batting - Pitching for Tacoma Cubs : RHP Doug Jones
|
Batting: SHB David Piller
|
0-0: Called Strike 0-1: Ball 1-1: SOLO HOME RUN (Line Drive, 9D, EV 105.6 MPH), Distance : 384 ft
|
Pitching: RHP Bill Campbell
|
|
Batting: LHB Steven Michael
|
0-0: Ball 1-0: Foul Ball, location: 2F 1-1: Ball 2-1: Foul Ball, location: 2F 2-2: Ball 3-2: Base on Balls
|
Batting: RHB Pablo Cardiel
|
0-0: Ball Steven Michael steals 2nd base 1-0: Ground out 6-3 (Groundball, 6, EV 106.9 MPH)
|
Batting: LHB Jesus Valerio
|
0-0: Ground out 4-3 (Groundball, 34D, EV 80.6 MPH) Steven Michael to third
|
Batting: LHB Glen Franklin
|
0-0: Called Strike 0-1: Ball 1-1: Ball 2-1: Fly out, F8 (Flyball, 8LD, EV 100.0 MPH)
|
Bottom of the 8th over - 1 run, 1 hit, 0 errors, 1 left on base; Tacoma 0 - San Jose 5 |
TOP OF THE 9TH |
Tacoma Cubs batting - Pitching for San Jose Missions : RHP Oscar Acosta
|
Batting: LHB Tom Lombarski
|
0-0: Called Strike 0-1: Ball 1-1: Ball 2-1: Fly out, F8 (Line Drive, 8LM, EV 111.9 MPH)
|
Batting: RHB John Ackley
|
0-0: Ball 1-0: Fly out, F8 (Flyball, 78D, EV 83.1 MPH)
|
Batting: RHB Paul Szymarek
|
0-0: Called Strike 0-1: Ball 1-1: Foul Ball, location: 2F 1-2: Strikes out swinging
|
Top of the 9th over - 0 runs, 0 hits, 0 errors, 0 left on base; Tacoma 0 - San Jose 5 |
|